 Dungeon Crawl Stone Soup version 0.28.0-53-g5a82cb258f (webtiles) character file.

Game seed: 12659524329311163258

129371 infcreate the Unseen (level 16, 0/76 HPs)
             Began as a Vampire Enchanter on Aug 6, 2022.
             Was the Champion of Dithmenos.
             Slain by a tentacle (6 damage)
             ... attached to a kraken simulacrum
             ... on level 2 of the Shoals.
             The game lasted 01:42:29 (36063 turns).

infcreate the Unseen (Vampire Enchanter)           Turns: 36063, Time: 01:42:29

Health: 0/76       AC:  9    Str:  2    XL:     16   Next: 50%
Magic:  22/32      EV: 24    Int: 25    God:    Dithmenos [******]
Gold:   456        SH:  5    Dex: 21    Spells: 24/40 levels left

rFire   . . .      SeeInvis +   w - +5 dagger (protect)
rCold   + + .      Faith    .   (no shield)
rNeg    + + +      Spirit   .   N - +3 robe of Leapfrog {Rampage rElec Str-5 Int+3}
rPois   ∞          Reflect  +   G - +2 hat
rElec   +          Harm     .   j - scarf {shadows}
rCorr   .          Rampage  +   m - +0 pair of gloves
Will    ++...                   q - +0 pair of boots Stlth *********+
                                s - amulet of the Frog {Reflect Int+3 SH+5}
HPRegen 0.00/turn               W - ring of willpower
MPRegen 0.23/turn               S - ring "Ylatuosa" {Fly rPois rN++}

@: flying, bloodless, inhibited regen, wreathed by umbra
A: bloodless, fangs 3, see invisible, vampiric 2
a: Bat Form, Revivify, Renounce Religion, Shadow Step, Shadow Form


You were on level 2 of the Shoals.
You worshipped Dithmenos.
Dithmenos was exalted by your worship.
You visited 5 branches of the dungeon, and saw 26 of its levels.

You collected 2303 gold pieces.
You spent 1847 gold pieces at shops.


Innate Abilities, Weirdness & Mutations

You do not regenerate when monsters are visible.
You are frail without blood (-20% HP).
You can heal yourself when you bite living creatures.
You are immune to poison.
You have razor-sharp teeth.
You have supernaturally acute eyesight. (SInv)
You are afflicted with vampirism and can become a bat while bloodless.


   Skills:
 + Level 15.0 Short Blades
 + Level 15.1 Dodging
 + Level 20.9 Stealth
 + Level 12.9 Spellcasting
 + Level 19.4 Hexes


You had 24 spell levels left.
You knew the following spells:

 Your Spells              Type           Power      Damage    Failure   Level
c - Confusing Touch       Hex            85%        N/A       0%          3
d - Tukima's Dance        Hex            85%        N/A       0%          3
e - Ensorcelled Hibernat  Hex/Ice        100%       N/A       1%          2
f - Dazzling Flash        Conj/Hex       100%       N/A       1%          3
m - Magic Dart            Conj           64%        1d6       3%          1
p - Fulminant Prism       Conj/Hex       29%        3d14      1%          4

Your spell library contained the following spells:

 Spells                   Type           Power      Damage    Failure   Level
 Slow                     Hex            100%       N/A       0%          1
 Silence                  Hex/Air        29%        N/A       1%          5
 Summon Mana Viper        Hex/Summ       59%        N/A       1%          5
 Sandblast                Erth           32%        2d9       3%          1
 Sting                    Tmut/Pois      64%        1d6       3%          1
 Passwall                 Tmut/Erth      13%        N/A       5%          2
 Poisonous Vapours        Pois/Air       32%        N/A       5%          2
 Scorch                   Fire           32%        2d6       5%          2
 Searing Ray              Conj           32%        2d5       5%          2
 Stone Arrow              Conj/Erth      32%        3d9       11%         3
 Vampiric Draining        Necr           16%        2d7       11%         3
 Airstrike                Air            8%         N/A       36%         4
 Animate Armour           Summ/Erth      32%        N/A       36%         4
 Flame Wave               Conj/Fire      16%        2d6       36%         4
 Olgreb's Toxic Radiance  Pois           16%        N/A       36%         4
 Passage of Golubria      Tloc           16%        N/A       36%         4
 Petrify                  Tmut/Erth      16%        N/A       36%         4
 Summon Ice Beast         Ice/Summ       16%        N/A       36%         4
 Summon Lightning Spire   Summ/Air       16%        N/A       36%         4
 Lee's Rapid Deconstruct  Erth           8%         3d8*      71%         5
 Lightning Bolt           Conj/Air       8%         1d20      71%         5
 Statue Form              Tmut/Erth      10%        N/A       99%         6
 Summon Cactus Giant      Summ           8%         N/A       99%         6
 Malign Gateway           Summ/Tloc      8%         N/A       100%        7
 Monstrous Menagerie      Summ           8%         N/A       100%        7
 Storm Form               Tmut/Air       8%         N/A       100%        7
 Lehudib's Crystal Spear  Conj/Erth      8%         10d3      100%        8
 Maxwell's Capacitive Co  Air            8%         ∞         100%        8
 Summon Horrible Things   Summ           8%         N/A       100%        8

Inventory:

Hand Weapons
 w - a +5 dagger of protection (weapon)
 V - a +1 rapier of protection
Missiles
 t - 5 throwing nets (quivered) {=f}
Armour
 j - a scarf of shadows (worn)
 m - a +0 pair of gloves (worn)
 p - the +3 cloak of Finy Ikouq {rElec rPois rC+ Int+2}
   (You acquired it on level 4 of the Dungeon)

   Int:       It affects your intelligence (+2).
   rC:        It protects you from cold.
   rElec:     It insulates you from electricity.
   rPois:     It protects you from poison.
 q - a +0 pair of boots (worn)
 A - +5 steam dragon scales
 B - a +2 robe of resistance
 G - a +2 hat (worn)
 H - a scarf of repulsion
 N - the +3 robe of Leapfrog (worn) {Rampage rElec Str-5 Int+3}
   (You found it on level 3 of the Lair of Beasts)

   Str:       It affects your strength (-5).
   Int:       It affects your intelligence (+3).
   rElec:     It insulates you from electricity.
   Rampage:   It bestows one free step when moving towards enemies.
Jewellery
 o - the ring of Cumynid {Str+6 Dex+6}
   (You acquired it on level 4 of the Dungeon)

   [ring of strength]

   Str:       It affects your strength (+6).
   Dex:       It affects your dexterity (+6).
 s - the amulet of the Frog (around neck) {Reflect Int+3 SH+5}
   (You bought it in a shop on level 5 of the Dungeon)

   [amulet of reflection]

   It reflects blocked missile attacks.
   Int:       It affects your intelligence (+3).
   SH:        It affects your SH (+5).
 E - a +4 ring of evasion
 F - a ring of protection from fire
 R - a ring of resist corrosion
 S - the ring "Ylatuosa" (right hand) {Fly rPois rN++}
   (You found it on level 9 of the Dungeon)

   [ring of flight]

   rPois:     It protects you from poison.
   rN:        It greatly protects you from negative energy.
   Fly:       It grants you flight.
 W - a ring of willpower (left hand)
 Z - a ring of wizardry
Wands
 d - a wand of flame (19)
 v - a wand of acid (14)
 J - a wand of polymorph (2)
 L - a wand of paralysis (27)
 O - a wand of digging (3)
 Q - a wand of iceblast (7)
Scrolls
 a - 7 scrolls of immolation
 e - 4 scrolls of blinking
 h - 3 scrolls of teleportation {@r2}
 k - 3 scrolls of fog
 l - a scroll of brand weapon
 r - 3 scrolls of magic mapping
 y - 5 scrolls of amnesia
 C - 3 scrolls of silence {!r}
 M - a scroll of noise {unknown}
 P - 4 scrolls of vulnerability
 U - 2 scrolls of torment
Potions
 b - 8 potions of might
 c - a potion of invisibility
 f - 8 potions of haste {@q3}
 g - a potion of mutation
 i - 10 potions of curing {@q1}
 n - 3 potions of attraction {unknown}
 u - a potion of experience {unknown}
 x - a potion of ambrosia {unknown}
 z - 4 potions of brilliance
 D - 2 potions of cancellation
 I - 3 potions of heal wounds {@q2}
 K - 2 potions of magic {unknown}
 T - 2 potions of flight {unknown}

Dungeon Overview and Level Annotations

Branches:
Dungeon (15/15)            Temple (1/1) D:5            Lair (6/6) D:10
 Shoals (2/4) Lair:4        Snake (0/4) Lair:2        Slime (0/5) Lair:5
    Orc (2/2) D:9             Elf (0/3) Orc:2        Vaults (0/5) D:13
 Depths (0/4) D:15

Altars:
Ashenzari
Cheibriados
Dithmenos
Elyvilon
Fedhas
Gozag
Hepliaklqana
Kikubaaqudgha
Makhleb
Nemelex Xobeh
Okawaru
Qazlal
Ru
Sif Muna
Trog
Uskayaw
Vehumet
Wu Jian
Xom
Yredelemnul
Zin
The Shining One
Beogh
Jiyva

Shops:
D:5 =   D:8 :   D:10 ?   Orc:1 *   Orc:2 *=[(   Shoals:1 [(*[

Annotations:
D:13 3 runed translucent doors, Beyqirr Viwa's ghost, journeyman MiFi

≈≈≈≈≈≈≈≈≈≈≈≈≈≈≈≈≈≈≈≈≈≈≈≈≈≈≈≈≈≈≈≈≈
≈≈≈≈≈≈≈≈≈≈≈≈≈≈≈≈≈≈≈≈≈≈≈≈≈≈≈≈≈≈≈≈≈
≈≈≈≈≈≈≈≈≈≈≈≈≈≈≈≈≈≈≈≈≈≈≈≈≈≈≈≈≈≈≈≈≈
≈≈≈≈≈≈≈≈≈≈≈≈≈≈≈≈≈≈≈≈≈.≈≈≈≈≈≈≈≈≈≈≈
≈≈≈≈≈≈≈≈≈≈≈≈≈≈≈≈≈≈≈≈....≈≈≈≈≈≈≈≈≈
≈≈≈≈≈≈≈≈≈≈≈≈≈≈≈≈≈≈≈........≈≈≈≈≈≈
≈≈≈≈≈≈≈≈≈≈≈≈...............≈≈≈≈≈≈
≈≈≈≈≈≈≈≈≈≈≈≈.▒▒§§§▒▒..........≈.≈
≈≈≈≈≈≈≈≈≈≈≈..▒§§@w§▒.......
≈≈≈≈≈≈≈≈≈≈≈..▒§www≈▒.......
≈≈≈≈≈≈≈≈≈≈...▒§§§Z≈▒.......
≈≈≈≈≈≈≈≈≈≈...▒≈§§≈≈▒..Z......
≈≈≈≈≈≈≈≈≈≈...▒$)!!=▒...Z......
≈≈≈≈≈≈≈≈≈≈...▒▒▒▒▒▒▒..........
≈≈≈≈≈≈≈≈≈≈.............≈......
≈≈≈≈≈≈≈≈≈≈.............≈≈.....
≈≈≈≈≈≈≈≈≈≈.........≈≈≈≈≈≈≈...#


You could see 4 tentacles, a kraken simulacrum (confused) and a faun simulacrum
(wandering).


Message History

The kraken simulacrum is moderately damaged.
You hit the kraken simulacrum but do no damage.
The kraken simulacrum is moderately damaged.
The tentacle barely misses you. You block the tentacle's attack.
The tentacle slaps you. The tentacle freezes you. You resist.
The tentacle slaps you. The tentacle freezes you. You resist.
The kraken simulacrum closely misses you.
You hit the kraken simulacrum but do no damage.
The kraken simulacrum appears confused.
You bite the kraken simulacrum, but do no damage.
The kraken simulacrum is moderately damaged.
Your shadow hits the kraken simulacrum but does no damage.
The tentacle slaps you!!
* * * LOW HITPOINT WARNING * * *
The tentacle freezes you! You resist.
* * * LOW HITPOINT WARNING * * *
You emit a cloud of dark smoke.
The tentacle misses you. The tentacle barely misses you. x2
The tentacle slaps you.
* * * LOW HITPOINT WARNING * * *
The tentacle freezes you! You resist.
* * * LOW HITPOINT WARNING * * *
The tentacle slaps you.
* * * LOW HITPOINT WARNING * * *
The tentacle freezes you. You resist.
* * * LOW HITPOINT WARNING * * *
You emit a cloud of dark smoke.
The kraken simulacrum flops around on dry land!
The tentacle slaps you.
You die...

Skill      XL: |  1  2  3  4  5  6  7  8  9 10 11 12 13 14 15 16 |
---------------+-------------------------------------------------+-----
Stealth        | 5 7 9 11 12 14 15 17 18 20 | 20.9
Short Blades   | 2 3 4 5 7 8 9 11 12 13 14 15 | 15.0
Dodging        | 3 4 5 6 7 8 10 11 12 13 14 15 | 15.1
Hexes          | 5 6 7 8 10 11 13 14 16 17 18 19 | 19.4
Spellcasting   | 3 4 5 6 7 8 9 10 11 12 | 12.9

Action                   |  1- 3 |  4- 6 |  7- 9 | 10-12 | 13-15 | 16-18 || total
-------------------------+-------+-------+-------+-------+-------+-------++-------
Melee: Dagger            |    80 |    83 |   331 |   503 |  1072 |   161 ||  2230
       Bite              |     6 |    10 |    43 |    89 |   180 |    34 ||   362
       Punch             |       |     2 |     6 |    10 |    20 |     5 ||    43
       Rapier            |       |       |       |       |       |    22 ||    22
Throw: Stone             |    12 |       |       |       |       |       ||    12
       Throwing net      |       |       |       |     1 |       |       ||     1
 Cast: Ensorcelled Hiber |    25 |    19 |    38 |    20 |    37 |     1 ||   140
       Confusing Touch   |       |     7 |    66 |   108 |   222 |    35 ||   438
       Tukima's Dance    |       |     1 |    29 |    44 |    40 |    15 ||   129
       Fulminant Prism   |       |       |       |    25 |    20 |       ||    45
       Magic Dart        |       |       |       |     3 |       |     1 ||     4
       Dazzling Flash    |       |       |       |     5 |    63 |     1 ||    69
Invok: Shadow Step       |       |       |       |       |       |     2 ||     2
 Abil: Exsanguinate      |     1 |       |       |       |       |       ||     1
Evoke: Wand              |       |       |       |       |     6 |       ||     6
  Use: Scroll            |       |     3 |    10 |    17 |    11 |     1 ||    42
       Potion            |       |       |       |       |     1 |       ||     1
 Stab: Sleeping          |    37 |    19 |    35 |    37 |    99 |    24 ||   251
       Confused          |       |     6 |    56 |    91 |   210 |    31 ||   394
       Distracted        |       |     1 |       |       |     2 |       ||     3
       Invisible         |       |       |       |     3 |    36 |     1 ||    40
Armor: Robe              |    12 |    12 |    27 |     1 |    80 |    10 ||   142
       Steam dragon scal |       |       |    10 |    59 |       |       ||    69
Dodge: Dodged            |    27 |    51 |   156 |   257 |   523 |    67 ||  1081
Block: Other             |       |       |       |       |   104 |    25 ||   129
       Reflection        |       |       |       |       |     5 |     1 ||     6

Levels and vault maps discovered:
D:1:      dpeg_arrival_simpleton_a, layout_basic
D:2:      layout_loops_corners, chequers_ecumenical_altar_lobes, uniq_terence,
          uniq_jessica
D:3:      layout_loops_ring, mainiacjoe_overflow_small_starburst,
          serial_bayou_pond_b, grunt_decor_fettered, kennysheep_nondescript
D:4:      layout_cave_pools, minmay_vboxes, uniq_pikel
D:5:      layout_basic, temple_hall, serial_shops, shop,
          kennysheep_cluttered_room, nicolae_elevator_lobby_plus
D:6:      layout_loops_cross, nicolae_fountain_basement
D:7:      layout_loops_cross, uniq_duvessa
D:8:      layout_loops_ring, serial_shops, nicolae_shop_window_shopping,
          worms_lemuel
D:9:      layout_gridville, kennysheep_orc_monster_closet_entryway,
          minmay_misc_feat_encased, minmay_lindwurm_lava
D:10:     layout_roguey, lair_entry_dummy, serial_shops, shop_statue
D:11:     layout_rooms
D:12:     layout_cave_pools, nicolae_ru_the_path_less_chosen, uniq_nessos
D:13:     layout_long_grid, david_vaults_3, gammafunk_ghost_split, uniq_azrael
D:14:     layout_cave_pools, grunt_gozag_breadcrumbs, uniq_roxanne
D:15:     hangedman_depths_entry_try_elsewhere_first, layout_stronghold,
          minmay_misc_feat_doors, minmay_between
Temple:   regret_index_temple_sigil_plot
Lair:1:   layout_cave_pods, lemuel_fruit_fields, infiniplex_staircase_pool,
          uniq_sonja, uniq_joseph, uniq_nergalle, uniq_gastronok
Lair:2:   layout_chaotic_city, minmay_snake_entry_spellcaster,
          grunt_forest_stairs_basic
Lair:3:   layout_misc_corridors, wad_woods_road_05, lemuel_fruit_tree
Lair:4:   layout_small_grid, minmay_shoals_entry_centaurs, uniq_josephine
Lair:5:   layout_loops_ring, dpeg_slime_entry_enclosed_altar,
          chequers_serial_rivers_micro_b, minivault_27
Lair:6:   grunt_lair_end_beastmaster, layout_cave_pods, grunt_megastairs_4,
          lemuel_fruit_fields, uniq_urug
Shoals:1: dreamdust_from_the_deep, layout_shoals, serial_shops,
          nicolae_square_shop, nicolae_shop_advertising_works
          [nicolae_subvault_shop_adworks], shop, nicolae_shop_trees
Shoals:2: layout_shoals, nicolae_shoals_beach_cooler, uniq_jorgrun
Orc:1:    cheibrodos_orc_guarddog, layout_diamond_mine,
          nicolae_shop_overcharged_wands
Orc:2:    grunt_orc_cross, layout_diamond_mine

Notes
Turn   | Place    | Note
-------+----------+-------------------------------------------
     0 | D:1      | infcreate the Vampire Enchanter began the quest for the
                  | Orb.
     0 | D:1      | Reached XP level 1. HP: 13/13 MP: 3/3
   453 | D:1      | Reached XP level 2. HP: 15/15 MP: 5/5
   462 | D:1      | Learned a level 2 spell: Ensorcelled Hibernation
  1075 | D:1      | Gained mutation: You are afflicted with vampirism and can
                  | become a bat while bloodless. [Vampire growth]
  1075 | D:1      | Reached XP level 3. HP: 19/19 MP: 6/6
  1079 | D:1      | Learned a level 3 spell: Confusing Touch
  1650 | D:2      | Reached skill level 5 in Stealth
  2039 | D:2      | Noticed Jessica
  2050 | D:2      | Killed Jessica
  2051 | D:2      | Reached skill level 2 in Short Blades
  2051 | D:2      | Reached skill level 3 in Dodging
  2051 | D:2      | Reached skill level 5 in Hexes
  2051 | D:2      | Reached XP level 4. HP: 24/24 MP: 7/7
  2270 | D:2      | Found a faded altar of an unknown god.
  2351 | D:2      | Noticed Terence
  2356 | D:2      | Killed Terence
  2526 | D:3      | Learned a level 3 spell: Tukima's Dance
  2989 | D:3      | Reached XP level 5. HP: 22/28 MP: 7/9
  3287 | D:3      | Found a sparkling altar of Nemelex Xobeh.
  3579 | D:4      | Noticed Pikel
  3579 | D:4      | Noticed a lemure
  3579 | D:4      | Noticed a lemure
  3580 | D:4      | Noticed a lemure
  3582 | D:4      | Noticed a lemure
  3852 | D:4      | Killed a lemure
  3875 | D:3      | Killed Pikel
  3876 | D:3      | Reached skill level 3 in Short Blades
  3876 | D:3      | Reached skill level 4 in Dodging
  3876 | D:3      | Reached skill level 7 in Stealth
  3876 | D:3      | Reached skill level 3 in Spellcasting
  3876 | D:3      | Reached skill level 6 in Hexes
  3876 | D:3      | Reached XP level 6. HP: 32/32 MP: 2/11
  3876 | D:3      | Reached XP level 7. HP: 36/36 MP: 2/12
  3950 | D:3      | Learned a level 3 spell: Dazzling Flash
  4358 | D:4      | Identified a scroll of acquirement
  4359 | D:4      | Acquired the ring of Cumynid {Str+6 Dex+6}
  4402 | D:4      | Reached skill level 4 in Short Blades
  4736 | D:4      | Reached skill level 7 in Hexes
  4838 | D:4      | Acquired the +3 cloak of Finy Ikouq {rElec rPois rC+ Int+2}
  5053 | D:5      | Entered Level 5 of the Dungeon
  5096 | D:5      | Found Imi Mynismi's Jewellery Shoppe.
  5113 | D:5      | Reached skill level 4 in Spellcasting
  5551 | D:5      | Reached skill level 5 in Dodging
  5551 | D:5      | Reached XP level 8. HP: 41/41 MP: 8/14
  5702 | D:5      | Reached skill level 8 in Stealth
  6287 | D:5      | Found a staircase to the Ecumenical Temple.
  6296 | Temple   | Entered the Ecumenical Temple
  6582 | Temple   | Became a worshipper of Dithmenos the Shadowed
  6654 | D:6      | Identified the +0 robe of Isol {rC++ MP-9 Slay+3}
  6719 | D:5      | Reached skill level 8 in Hexes
  6823 | D:6      | Reached skill level 5 in Short Blades
  7366 | D:6      | Reached skill level 9 in Stealth
  7617 | D:6      | Reached skill level 6 in Dodging
  7617 | D:6      | Reached skill level 5 in Spellcasting
  7768 | D:6      | Reached XP level 9. HP: 45/45 MP: 16/16
  7847 | D:7      | Reached skill level 9 in Hexes
  7865 | D:7      | Noticed Dowan
  7891 | D:7      | Killed Dowan
  7954 | D:7      | Learned a level 1 spell: Magic Dart
  7990 | D:7      | Noticed Duvessa
  8002 | D:7      | Killed Duvessa
  8003 | D:7      | Reached skill level 6 in Short Blades
  8396 | D:7      | Reached skill level 10 in Stealth
  8493 | D:7      | Reached * piety under Dithmenos
  8974 | D:7      | Identified a +2 robe of resistance
  9326 | D:8      | Reached skill level 7 in Dodging
  9581 | D:8      | Reached skill level 6 in Spellcasting
  9581 | D:8      | Reached skill level 10 in Hexes
  9586 | D:8      | Learned a level 4 spell: Fulminant Prism
  9803 | D:8      | Noticed a two-headed ogre
  9924 | D:8      | Found Viett's Book Emporium.
 10566 | D:8      | Reached skill level 7 in Short Blades
 10566 | D:8      | Reached skill level 11 in Stealth
 10566 | D:8      | Reached XP level 10. HP: 50/50 MP: 12/19
 10913 | D:9      | Noticed a lindwurm
 10943 | D:9      | Noticed a lindwurm
 10949 | D:9      | Noticed a lindwurm
 10949 | D:9      | Noticed a lindwurm
 11594 | D:9      | Found a staircase to the Orcish Mines.
 11623 | D:9      | Reached ** piety under Dithmenos
 12470 | D:9      | Killed a lindwurm
 12471 | D:9      | Reached skill level 8 in Dodging
 12471 | D:9      | Reached skill level 11 in Hexes
 12602 | D:9      | Killed a lindwurm
 12603 | D:9      | Reached skill level 12 in Stealth
 13382 | D:10     | Entered Level 10 of the Dungeon
 13449 | D:10     | Noticed a two-headed ogre
 13464 | D:10     | Killed a two-headed ogre
 13465 | D:10     | Reached skill level 8 in Short Blades
 13465 | D:10     | Reached skill level 7 in Spellcasting
 13543 | D:10     | Found Jiot's Magic Scroll Shop.
 13550 | D:10     | Bought a scroll of brand weapon for 220 gold pieces
 13550 | D:10     | Bought a scroll of enchant armour for 82 gold pieces
 13550 | D:10     | Bought a scroll of identify for 22 gold pieces
 13631 | D:10     | Noticed a two-headed ogre
 14131 | D:10     | Found a staircase to the Lair.
 14374 | D:8      | Killed a two-headed ogre
 14375 | D:8      | Reached XP level 11. HP: 54/54 MP: 7/21
 14513 | D:11     | Noticed a two-headed ogre
 14582 | D:11     | Killed a two-headed ogre
 14583 | D:11     | Reached skill level 12 in Hexes
 14704 | D:11     | Reached skill level 9 in Dodging
 14854 | D:11     | Noticed a boulder beetle
 14877 | D:11     | Reached skill level 13 in Stealth
 14914 | D:11     | Killed a boulder beetle
 15203 | Lair:1   | Entered Level 1 of the Lair of Beasts
 15232 | Lair:1   | Identified a +2 robe of resistance
 15232 | Lair:1   | Noticed Nergalle
 15348 | Lair:1   | Reached skill level 9 in Short Blades
 15417 | Lair:1   | Noticed Gastronok
 15453 | Lair:1   | Noticed Sonja
 15529 | Lair:1   | Killed Sonja
 15542 | Lair:1   | Reached skill level 8 in Spellcasting
 15573 | Lair:1   | Killed Gastronok
 15574 | Lair:1   | Reached skill level 13 in Hexes
 15746 | Lair:1   | Noticed a six-headed hydra
 15758 | Lair:1   | Killed a six-headed hydra
 15759 | Lair:1   | Reached skill level 14 in Stealth
 15890 | Lair:1   | Noticed a four-headed hydra
 15900 | Lair:1   | Killed a four-headed hydra
 15901 | Lair:1   | Reached skill level 10 in Dodging
 16053 | Lair:1   | Reached XP level 12. HP: 59/59 MP: 21/24
 16647 | Lair:1   | Killed Nergalle
 17085 | Lair:2   | Found a staircase to the Snake Pit.
 17092 | Lair:2   | Reached skill level 10 in Short Blades
 17187 | Lair:2   | Identified the +3 leather armour of Ufaphets {Str+2 Dex+5
                  | SInv}
 17505 | Lair:2   | Reached *** piety under Dithmenos
 17702 | Lair:3   | Reached skill level 15 in Stealth
 17702 | Lair:3   | Reached skill level 14 in Hexes
 17707 | Lair:3   | Reached skill level 9 in Spellcasting
 17727 | Lair:3   | Noticed a catoblepas
 17771 | Lair:3   | Identified the +3 robe of Leapfrog {Rampage rElec Str-5
                  | Int+3}
 17799 | Lair:3   | Noticed a boulder beetle
 17806 | Lair:3   | Killed a boulder beetle
 17887 | Lair:3   | Noticed a boulder beetle
 17917 | Lair:3   | Killed a boulder beetle
 18028 | Lair:3   | Reached skill level 11 in Dodging
 18190 | Lair:3   | Noticed a six-headed hydra
 18557 | Lair:3   | Noticed a death yak
 18558 | Lair:3   | Noticed a death yak
 18690 | Orc:1    | Entered Level 1 of the Orcish Mines
 18884 | Orc:1    | Found Cokheteva's Overcharged Wands.
 19141 | Orc:1    | Reached skill level 11 in Short Blades
 19145 | Orc:1    | Reached **** piety under Dithmenos
 19146 | Orc:1    | Reached XP level 13. HP: 63/63 MP: 12/26
 19621 | D:5      | Bought the amulet of the Frog {Reflect Int+3 SH+5} for 606
                  | gold pieces
 20081 | Orc:1    | Reached skill level 16 in Stealth
 20341 | Orc:2    | Entered Level 2 of the Orcish Mines
 20342 | Orc:2    | Found a staircase to the Elven Halls.
 20661 | Orc:2    | Reached skill level 15 in Hexes
 20730 | Orc:2    | Noticed Saint Roka
 21776 | Orc:2    | Killed Saint Roka
 21777 | Orc:2    | Reached skill level 10 in Spellcasting
 22062 | Orc:2    | Found Ceiqu's Antique Weapon Emporium.
 22257 | Orc:2    | Found Utushrus's Jewellery Emporium.
 22425 | Orc:2    | Found Ohou's Antique Armour Emporium.
 22440 | Orc:2    | Found Doavy's General Store.
 22447 | Orc:2    | Bought a scroll of enchant weapon for 97 gold pieces
 22793 | Lair:3   | Reached skill level 12 in Dodging
 23211 | Lair:4   | Reached skill level 17 in Stealth
 23521 | Lair:4   | Reached skill level 12 in Short Blades
 23777 | Lair:4   | Reached skill level 16 in Hexes
 23845 | Lair:4   | Noticed Josephine
 24017 | Lair:4   | Reached ***** piety under Dithmenos
 24032 | Lair:4   | Reached XP level 14. HP: 68/68 MP: 17/28
 24138 | Lair:4   | Found a staircase to the Shoals.
 24227 | Lair:4   | You fall into a shaft and drop 2 floors!
 24227 | Lair:6   | Entered Level 6 of the Lair of Beasts
 24788 | Lair:4   | Killed Josephine
 26129 | Lair:5   | Found a viscous altar of Jiyva.
 26129 | Lair:5   | Found a staircase to the Slime Pits.
 26345 | Lair:4   | Reached skill level 18 in Stealth
 26498 | Lair:5   | Reached skill level 11 in Spellcasting
 26736 | Lair:6   | Reached skill level 13 in Dodging
 26757 | Lair:5   | Reached skill level 17 in Hexes
 26830 | Lair:6   | Reached skill level 13 in Short Blades
 27811 | Lair:6   | Reached XP level 15. HP: 72/72 MP: 27/30
 27923 | Lair:6   | Reached ****** piety under Dithmenos
 28276 | Lair:6   | Reached skill level 19 in Stealth
 28943 | Orc:2    | Bought a scarf of repulsion for 156 gold pieces
 29099 | D:12     | You fall into a shaft and drop 2 floors!
 29102 | D:14     | Found an opulent altar of Gozag.
 29282 | D:14     | Reached skill level 18 in Hexes
 29503 | D:14     | Reached skill level 14 in Dodging
 29521 | D:14     | Identified Roxanne's Catalogue of the Mountains
 29521 | D:14     | Noticed Roxanne
 29780 | D:14     | Killed Roxanne
 29945 | D:13     | Noticed Urug
 29945 | D:13     | Found a gate to the Vaults.
 30085 | D:13     | Reached skill level 12 in Spellcasting
 30158 | D:13     | Found a runed translucent gate.
 30184 | D:13     | Reached skill level 14 in Short Blades
 30193 | D:13     | Noticed Azrael
 30452 | D:12     | Noticed Nessos
 30464 | D:12     | Killed Nessos
 31344 | D:12     | Found a sacrificial altar of Ru.
 31937 | D:9      | Identified the ring "Ylatuosa" {Fly rPois rN++}
 31942 | D:9      | Identified the +1 robe "Biawk" {rPois Dex-5 SInv Archmagi}
 32070 | D:13     | Killed Azrael
 32114 | D:13     | Killed Urug
 32115 | D:13     | Reached skill level 20 in Stealth
 32232 | D:13     | Found a runed translucent gate.
 32233 | D:13     | Found a runed translucent gate.
 32233 | D:13     | Noticed a sphinx
 32234 | D:13     | Noticed Beyqirr Viwa's ghost (journeyman MiFi)
 32597 | D:15     | Entered Level 15 of the Dungeon
 32676 | D:15     | Found a staircase to the Depths.
 33005 | D:15     | Reached XP level 16. HP: 76/76 MP: 32/32
 33488 | Shoals:1 | Entered Level 1 of the Shoals
 33488 | Shoals:1 | Found Kigraisk's Assorted Antiques.
 33500 | Shoals:1 | Bought a glowing orb for 408 gold pieces
 33549 | Shoals:1 | Found Teloch's Armour Boutique.
 33767 | Shoals:1 | Found Erhiuno's Antique Armour Shop.
 33777 | Shoals:1 | Bought an embroidered scarf for 256 gold pieces
 33851 | Shoals:1 | Reached skill level 19 in Hexes
 33854 | Shoals:1 | Noticed a tentacled monstrosity
 33857 | Shoals:1 | Identified the ring "Zyoreom" {rElec Str+6 SInv}
 33858 | Shoals:1 | Killed a tentacled monstrosity
 33861 | Shoals:1 | Got the Incunabulum of Mad Ravings
 33899 | Shoals:1 | Noticed a kraken
 33901 | Shoals:1 | Killed a kraken
 34084 | Shoals:1 | Found Seacsot's Weapon Shop.
 34694 | Shoals:2 | Found a runed translucent gate.
 34695 | Shoals:2 | Found a runed translucent gate.
 34696 | Shoals:2 | Found a runed translucent gate.
 34936 | Shoals:2 | Reached skill level 15 in Dodging
 35278 | Shoals:2 | Noticed Jorgrun
 35282 | Shoals:2 | Killed Jorgrun
 35545 | Shoals:2 | Reached skill level 15 in Short Blades
 36063 | Shoals:2 | HP: 6/76 [tentacle[a kraken simulacrum] (6)]
 36063 | Shoals:2 | Slain by a tentacle

Vanquished Creatures
  Saint Roka (Orc:2)
  Jorgrun (Shoals:2)
  A tentacled monstrosity (Shoals:1)
  A kraken (Shoals:1)
  Gastronok (Lair:1)
  Roxanne (D:14)
  A frost giant (Shoals:2)
  Nessos (D:12)
  2 dire elephants
  Azrael (D:13)
  4 merfolk impalers (Shoals:1)
  Josephine (Lair:4)
  2 great orbs of eyes (Shoals:1)
  A rakshasa (D:15)
  6 boulder beetles
  8 hydras
  8 two-headed ogres
  2 centaur warriors
  4 catoblepae
  An alligator snapping turtle (Shoals:2)
  A deep troll shaman (Lair:6)
  25 death yaks
  An orc high priest (Orc:2)
  11 slime creatures
  Nergalle (Lair:1)
  Sonja (Lair:1)
  A skeletal warrior (D:15)
  3 sea snakes
  Pikel (D:3)
  4 lindwurms (D:9)
  6 orc knights
  5 harpies (Shoals:1)
  12 ugly things
  6 orc sorcerers
  2 manticores
  A salamander (D:15)
  5 cyclopes
  A wolf spider (D:15)
  2 fauns (Shoals:2)
  5 black mambas
  22 elephants
  A guardian serpent (Lair:2)
  A water nymph (Shoals:2)
  2 merfolk sirens (Shoals:2)
  14 cane toads
  A torpor snail (Lair:5)
  A freezing wraith (D:15)
  An unseen horror (D:11)
  2 efreet (D:15)
  A tengu conjurer (D:15)
  3 rime drakes
  13 komodo dragons
  5 merfolk
  3 trolls
  3 polar bears
  12 blink frogs
  3 snapping turtles
  9 dream sheep
  A vampire (D:10)
  A centaur simulacrum (D:14)
  37 yaks
  4 wyverns
  2 dancing weapons
  2 steam dragons
  2 water elementals (Shoals:1)
  6 wraiths
  2 fire elementals
  12 humans
  4 basilisks
  2 alligator snapping turtle simulacra (Shoals:2)
  A death yak simulacrum (Shoals:2)
  3 sea snake simulacra (Shoals:2)
  11 vampire mosquitoes
  8 wargs
  3 harpy simulacra (Shoals:2)
  2 swamp worms (D:8)
  An acid dragon (D:12)
  20 water moccasins
  5 hell hounds (D:13)
  Duvessa (D:7)
  5 black bears
  2 sky beasts (D:6)
  2 necrophages
  24 orc warriors
  2 ice beasts
  A satyr simulacrum (Shoals:2)
  6 ogres
  5 boggarts
  20 wolves
  7 centaurs
  A phantom (D:7)
  A lemure (D:4)
  6 bullfrogs
  2 kobold brigands (D:9)
  2 gnoll sergeants (D:9)
  A wyvern zombie (D:5)
  2 faun simulacra (Shoals:2)
  A merfolk simulacrum (Shoals:2)
  Dowan (D:7)
  A water moccasin skeleton (D:5)
  9 killer bees
  6 howler monkeys
  6 wights (D:7)
  5 centaur zombies
  A bullfrog zombie (D:6)
  4 hounds
  A jelly (D:7)
  3 bullfrog skeletons
  15 orc priests
  2 cyclops simulacra (Shoals:2)
  2 iguanas
  2 gnoll shamans
  Jessica (D:2)
  27 orc wizards
  Terence (D:2)
  A killer bee zombie (D:6)
  A howler monkey zombie (D:9)
  13 gnolls
  4 adders
  A howler monkey skeleton (D:5)
  A white imp (D:6)
  An ufetubus (D:4)
  2 adder skeletons (D:4)
  A worm (D:3)
  3 dart slugs
  58 orcs
  7 bats
  10 endoplasms
  7 giant cockroaches
  8 goblins
  5 hobgoblins
  7 kobolds
  3 quokkas
  8 ball pythons
  14 frilled lizards
  7 rats
708 creatures vanquished.

Vanquished Creatures (collateral kills)
  A merfolk impaler (Shoals:2)
  A two-headed ogre (D:10)
  Urug (D:13)
  2 merfolk (Shoals:2)
  A warg (Orc:1)
  4 orc warriors
  A gnoll sergeant (D:9)
  4 wights (D:7)
  An orc wizard (Orc:2)
  A gnoll (D:5)
  5 orcs
  A kobold (D:3)
23 creatures vanquished.

Vanquished Creatures (others)
  A vampire (D:13)
  24 dancing weapons
  A bush (Lair:5)
  45 fulminant prisms
  78 fungi
  107 plants
256 creatures vanquished.

Grand Total: 987 creatures vanquished

Table legend: (Time is in decaauts)
 A = Elapsed time spent in this place.
 B = Non-inter-level travel time spent in this place.
 C = Inter-level travel time spent in this place.
 D = Time resting spent in this place.
 E = Time spent auto-exploring this place.
 F = Levels seen in this place.
 G = Mean time per level.
                   A        B        C        D        E       F      G
               +--------+--------+--------+--------+--------+-----+--------+
         Total |  35229 |  32221 |   3008 |   4158 |  20210 |  26 | 1355.0 |
       Dungeon |  19559 |  17909 |   1650 |   2908 |  10796 |  15 | 1303.9 |
        Temple |    293 |    261 |     32 |      0 |    241 |   1 |  293.0 |
          Lair |   9238 |   8315 |    923 |    600 |   5465 |   6 | 1539.7 |
        Shoals |   2508 |   2455 |     53 |    244 |   1726 |   2 | 1254.0 |
  Orcish Mines |   3629 |   3279 |    350 |    406 |   1981 |   2 | 1814.5 |
               +--------+--------+--------+--------+--------+-----+--------+

Top non-repeatable levels by time:
     D:9: 2745 daAuts
  Lair:4: 2006 daAuts
   Orc:2: 1974 daAuts
  Lair:6: 1816 daAuts
  Lair:1: 1772 daAuts
   Orc:1: 1654 daAuts
     D:8: 1613 daAuts
     D:5: 1611 daAuts
     D:7: 1470 daAuts
     D:1: 1438 daAuts
  Lair:3: 1433 daAuts
  Lair:5: 1395 daAuts
Shoals:1: 1298 daAuts
     D:4: 1253 daAuts
Shoals:2: 1209 daAuts

Table legend:
 A = Non-vault XP
 B = Vault XP
 C = Vault XP percentage of total XP
 D = Non-vault monster count
 E = Vault monster count
 F = Vault count percentage of total count
                 A         B        C        D         E       F
            +---------+---------+-------+---------+---------+-------
      Total |  124322 |   60495 |  32.7 |     549 |     179 |  24.6
            +---------+---------+-------+---------+---------+-------
        D:1 |      52 |       0 |   0.0 |      33 |       0 |   0.0
        D:2 |      24 |      69 |  74.2 |      16 |       2 |  11.1
        D:3 |     100 |     655 |  86.8 |      16 |       4 |  20.0
        D:4 |     212 |      57 |  21.2 |      20 |       8 |  28.6
        D:5 |     725 |       0 |   0.0 |      23 |       0 |   0.0
        D:6 |    1011 |     107 |   9.6 |      21 |       2 |   8.7
        D:7 |    1141 |     216 |  15.9 |      18 |       2 |  10.0
        D:8 |    1721 |     325 |  15.9 |      20 |       2 |   9.1
        D:9 |     658 |    3930 |  85.7 |      14 |      24 |  63.2
       D:10 |    1574 |       0 |   0.0 |      11 |       0 |   0.0
       D:11 |    3850 |       0 |   0.0 |      17 |       0 |   0.0
       D:12 |    5267 |    1631 |  23.6 |      19 |       4 |  17.4
       D:13 |    3458 |    6373 |  64.8 |      10 |      20 |  66.7
       D:14 |   11202 |    1364 |  10.9 |      25 |       1 |   3.8
       D:15 |    7371 |    5368 |  42.1 |      14 |       8 |  36.4
     Lair:1 |    6488 |    3094 |  32.3 |      25 |       3 |  10.7
     Lair:2 |    2521 |     442 |  14.9 |      11 |       1 |   8.3
     Lair:3 |   13186 |       0 |   0.0 |      33 |       0 |   0.0
     Lair:4 |   11615 |    1216 |   9.5 |      29 |       4 |  12.1
     Lair:5 |   11816 |     833 |   6.6 |      37 |       4 |   9.8
     Lair:6 |   19712 |   10852 |  35.5 |      52 |      23 |  30.7
   Shoals:1 |    5897 |    8811 |  59.9 |      12 |       8 |  40.0
   Shoals:2 |    7882 |    5154 |  39.5 |      18 |      17 |  48.6
      Orc:1 |    5003 |    1004 |  16.7 |      43 |       6 |  12.2
      Orc:2 |    1836 |    8994 |  83.0 |      12 |      36 |  75.0
            +---------+---------+-------+---------+---------+-------
